 Dungeon Crawl Stone Soup version 0.31-a0-1071-gaead2f62b1 (webtiles) character file.

Game seed: 2216665857974609354

3206 RepHenryClay the Protected (level 9, -4/70 HPs)
             Began as a Ghoul Monk on Nov 25, 2023.
             Was an Initiate of Gozag.
             Slain by a wyvern (14 damage)
             ... on level 8 of the Dungeon.
             The game lasted 00:12:08 (6225 turns).

RepHenryClay the Protected (Ghoul Monk)             Turns: 6225, Time: 00:12:09

Health: -4/70      AC: 17    Str: 19    XL:     9   Next: 97%
Magic:  8/8        EV: 11    Int:  9    God:    Gozag
Gold:   1076       SH:  5    Dex: 21    Spells: 8/8 levels left

rFire   + + .        u - +0 flail
rCold   . . .        v - +0 buckler of Zaeschee {Dex+4}
rNeg    + + +        o - +0 fire dragon scales
rPois   ∞            l - +1 helmet
rElec   .            (no cloak)
rCorr   .            (no gloves)
SInv    .            (no boots)
Will    .....        (no amulet) Stlth
                     g - +6 ring of dexterity
HPRegen 0.00/turn    m - +4 ring of protection
MPRegen 0.11/turn

%: no passive effects
@: mighty, attractive, inhibited regen
A: claws 1, cold resistance 1, negative energy resistance 3, inhibited
regeneration, torment resistance 2, devour on kill
a: Renounce Religion, Potion Petition, Call Merchant, Bribe Branch


You were on level 8 of the Dungeon.
You worshipped Gozag.
Gozag was most pleased with you.
You visited 1 branch of the dungeon, and saw 8 of its levels.
You also visited: Ossuary.

You collected 1076 gold pieces.

Inventory:

Hand Weapons
 s - a +2 mace of venom
 t - a +0 whip of freezing
 u - a +0 flail (weapon)
Missiles
 r - 2 throwing nets
Armour
 c - an orb of light
 l - a +1 helmet (worn)
 o - +0 fire dragon scales (worn)
 v - the +0 buckler of Zaeschee (worn) {Dex+4}
   (You found it on level 5 of the Dungeon)

   Dex+4:     It affects your dexterity (+4).
Jewellery
 g - a +6 ring of dexterity (left claw)
 i - a ring of magical power
 m - a +4 ring of protection (right claw)
Wands
 p - a wand of flame (50)
 w - a wand of iceblast (22)
Scrolls
 a - 2 scrolls of amnesia {unknown}
 f - 5 scrolls of identify
 k - 4 scrolls of teleportation
 n - 2 scrolls of blinking
 q - 3 scrolls of silence {unknown}
 y - a scroll of acquirement {unknown}
Potions
 b - a potion of ambrosia
 d - 4 potions of curing
 h - a potion of might
 j - 2 potions of brilliance
 A - a potion of degeneration


   Skills:
 - Level 3.6 Fighting
 + Level 8.6 Maces & Flails
 + Level 8.6 Armour
 - Level 3.0 Dodging
 - Level 3.8 Unarmed Combat


You had 8 spell levels left.
You didn't know any spells.
Your spell library contained the following spells:

 Spells                   Type           Power      Damage    Failure   Level
 Freeze                   Ice            0%         1d3       86%         1
 Summon Small Mammal      Summ           0%         N/A       86%         1
 Cigotuvi's Dreadful Rot  Necr/Pois/Air  0%         N/A       94%         2
 Scorch                   Fire           0%         2d5       94%         2
 Static Discharge         Conj/Air       0%         3-3/arc   94%         2
 Call Canine Familiar     Summ           0%         N/A       99%         3
 Frozen Ramparts          Ice            0%         1d1       99%         3
 Hailstorm                Conj/Ice       0%         3d3       99%         3
 Summon Guardian Golem    Hex/Summ       0%         N/A       99%         3
 Tukima's Dance           Hex            0%         N/A       99%         3
 Airstrike                Air            0%         2d(0-16)  100%        4
 Dispel Undead            Necr           0%         3d6       100%        4
 Flame Wave               Conj/Fire      0%         2d4       100%        4
 Passage of Golubria      Tloc           0%         N/A       100%        4
 Summon Lightning Spire   Summ/Air       0%         N/A       100%        4
 Borgnjor's Vile Clutch   Necr/Erth      0%         N/A       100%        5
 Yara's Violent Unravell  Hex/Tmut       0%         3d3       100%        5
 Death Channel            Necr           0%         N/A       100%        6
 Summon Cactus Giant      Summ           0%         N/A       100%        6
 Animate Dead             Necr           Unusable   N/A       N/A         4

Dungeon Overview and Level Annotations

Branches:
Dungeon (8/15)             Temple (0/1) D:6         Ossuary (visited)
   Lair: D:8-11

Altars:
Ashenzari
Gozag
Qazlal
Vehumet


Innate Abilities, Weirdness & Mutations

You are immune to poison.
You have sharp fingernails.
Your flesh is cold resistant. (rC+)
You are immune to negative energy. (rN+++)
You do not regenerate when monsters are visible.
You are immune to unholy pain and torment.
You thrive by killing the living.


Message History

The wight is attracted toward you.
The steam dragon is attracted toward you.
You sock the wight!
You destroy the wight!
The wyvern is distracted by your dazzling golden aura.
You completely miss the wyvern.
The wyvern is no longer distracted by gold.
The wyvern hisses angrily.
You block the wyvern's attack.
You thump the wyvern!
The wyvern is heavily wounded.
The wyvern bites you!
* * * LOW HITPOINT WARNING * * *
The wyvern closely misses you.
Huge Dmg: -20%(-14hp) hp: 5%(3hp) Welcome back, RepHenryClay the Ghoul Monk.
Gozag says: Greed is good.
Press ? for a list of commands and other information.
Okay, then.
Blink to where?
Press: ? - help, Dir - move target
As you read the scroll of blinking, it crumbles to dust.
The steam dragon breathes steam at you.
The ball of steam hits you but does no damage.
The wyvern is attracted toward you.
The wyvern is engulfed in a cloud of scalding steam.
The wyvern is distracted by your dazzling golden aura.
You feel better.
The wyvern hisses angrily.
You sock the steam dragon!
The steam dragon is moderately wounded.
The steam dragon closely misses you.
The steam dragon claws you but does no damage.
You closely miss the steam dragon.
The steam dragon is moderately wounded.
The wyvern is no longer distracted by gold.
The wyvern is engulfed in a cloud of scalding steam.
The wyvern bites you!
You die...
Your body crumbles into a pile of gold.

### ## #..
. #.# .#
#§##.#
#@...#
#lD###
#..###
#....
#######.##
##
#....$§.#
..
#.#######
#.###......
#.$.zz#


You could see a steam dragon and a wyvern.

Vanquished Creatures
  Pikel (D:4)
  An unseen horror zombie (D:8)
  Sigmund (D:2)
  A wyvern (D:4)
  Edmund (D:4)
  A water moccasin (D:6)
  An ice beast (D:6)
  An ogre (D:5)
  A kobold brigand (D:8)
  A phantom (D:5)
  A bullfrog (D:6)
  5 scorpions
  5 water moccasin zombies (Ossuary)
  3 wights (D:8)
  A howler monkey (D:4)
  2 orc priests (D:8)
  A hound (D:6)
  7 orc wizards
  3 iguanas (D:5)
  4 sleepcaps
  Natasha (twice) (D:1)
  2 mummies (Ossuary)
  Robin (D:1)
  8 gnolls
  5 adders
  A shadow imp (D:6)
  3 ufetubi
  3 adder zombies (Ossuary)
  2 worms
  6 dart slugs
  11 orcs
  3 endoplasms
  7 giant cockroaches
  21 goblins
  10 hobgoblins
  3 jackals (D:2)
  3 quokkas
  6 ball pythons
  7 bats
  5 frilled lizards
  3 gnoll zombies (Ossuary)
  5 hobgoblin zombies (Ossuary)
  10 kobolds
  6 kobold zombies (Ossuary)
  6 orc zombies (Ossuary)
  2 rats (D:1)
183 creatures vanquished.

Vanquished Creatures (collateral kills)
  A shadow imp (D:8)
1 creature vanquished.

Grand Total: 184 creatures vanquished

Notes
Turn   | Place    | Note
-------+----------+-------------------------------------------
     0 | D:1      | RepHenryClay the Ghoul Monk began the quest for the Orb.
     0 | D:1      | Reached XP level 1. HP: 19/19 MP: 0/0
    90 | D:1      | Reached XP level 2. HP: 22/26 MP: 1/1
   604 | D:1      | Reached XP level 3. HP: 31/31 MP: 2/2
   654 | D:2      | Found a faded altar of an unknown god.
   677 | D:2      | Reached skill level 1 in Armour
   742 | D:2      | Reached XP level 4. HP: 35/39 MP: 3/3
   869 | D:2      | Found a broken altar of Ashenzari.
   971 | D:2      | Noticed Robin
   977 | D:2      | Noticed Sigmund
   984 | D:2      | Noticed Natasha
  1010 | D:1      | Killed Robin
  1068 | D:1      | Killed Natasha
  1102 | D:2      | Killed Sigmund
  1103 | D:2      | Reached XP level 5. HP: 24/45 MP: 4/4
  1103 | D:2      | Reached XP level 6. HP: 28/51 MP: 5/5
  1151 | D:1      | Noticed Natasha
  1159 | D:1      | Killed Natasha
  1273 | D:2      | Reached skill level 5 in Armour
  1403 | D:3      | Found an opulent altar of Gozag.
  1434 | D:3      | Found a radiant altar of Vehumet.
  1928 | D:3      | Became a worshipper of Gozag Ym Sagoz the Greedy
  2055 | D:4      | Reached XP level 7. HP: 57/57 MP: 6/6
  2329 | D:4      | Noticed Edmund
  2346 | D:4      | Killed Edmund
  2518 | D:4      | Noticed Pikel
  2550 | D:4      | Killed Pikel
  2551 | D:4      | Reached XP level 8. HP: 59/64 MP: 7/7
  3010 | D:4      | Noticed a wyvern
  3017 | D:4      | Killed a wyvern
  3657 | D:5      | Entered Level 5 of the Dungeon
  4204 | D:5      | Reached skill level 5 in Maces & Flails
  4204 | D:5      | Reached XP level 9. HP: 39/70 MP: 8/8
  4419 | D:5      | Identified the +0 buckler of Zaeschee {Dex+4}
  4767 | D:6      | Found a stormy altar of Qazlal.
  4943 | D:6      | Found a staircase to the Ecumenical Temple.
  5449 | D:8      | Found a sand-covered staircase.
  5458 | Ossuary  | Entered an ossuary
  6220 | D:8      | HP: 3/70 [wyvern (14)]
  6225 | D:8      | Slain by a wyvern

Illustrated notes

Levels and vault maps discovered:
D:1:      dpeg_arrival_rooms_b, layout_basic, serial_bayou_pond_e
D:2:      layout_basic, dreamdust_ecumenical_altar_hidden_monk_grotto,
          basic_altar, nicolae_concentric_dashed_squares_wild,
          kennysheep_generic_room_2, uniq_sigmund, uniq_robin, uniq_natasha
D:3:      layout_rooms, vehumet_altar_wand_db, mainiacjoe_overflow_brackets,
          eino_curves_02
D:4:      layout_layer_cave, uniq_pikel, uniq_edmund
D:5:      wad_crossroads, layout_rooms
D:6:      layout_loops_ring, mainiacjoe_overflow_tiny_flanked,
          minmay_temple_entry_ruins
D:7:      layout_basic, mainiacjoe_overflow_catwalk, minmay_misc_feat_diagonals,
          billiards_dpeg
D:8:      layout_loops_ring, nicolae_yredelemnul_corpse_copse,
          chequers_ossuary_entry_cave, uniq_maggie

Skill      XL: |  1  2  3  4  5  6  7  8  9 |
---------------+----------------------------+-----
Dodging        | 3 |  3.0
Armour         | 2 4 5 8 |  8.6
Maces & Flails | 5 8 |  8.6
Fighting       | |  3.6
Unarmed Combat | |  3.8

Action                     |  1- 3 |  4- 6 |  7- 9 || total
---------------------------+-------+-------+-------++-------
  Melee: Unarmed           |    75 |   151 |    77 ||   303
         Mace              |       |       |   406 ||   406
         Flail             |       |       |    15 ||    15
    Use: Potion            |       |       |     9 ||     9
         Scroll            |       |       |    13 ||    13
   Stab: Distracted        |       |     1 |       ||     1
 Armour: Robe              |    16 |       |       ||    16
         Scale mail        |    10 |       |       ||    10
         Fire dragon scale |    12 |   119 |   342 ||   473
  Dodge: Dodged            |    42 |    93 |   250 ||   385
  Block: Buckler           |       |       |    63 ||    63

Table legend: (Time is in decaauts)
 A = Elapsed time spent in this place.
 B = Non-inter-level travel time spent in this place.
 C = Inter-level travel time spent in this place.
 D = Time resting spent in this place.
 E = Time spent auto-exploring this place.
 F = Levels seen in this place.
 G = Mean time per level.
                   A        B        C        D        E       F      G
               +--------+--------+--------+--------+--------+-----+--------+
         Total |   6269 |   5966 |    303 |     43 |   4494 |   9 |  696.6 |
       Dungeon |   5741 |   5438 |    303 |     43 |   4176 |   8 |  717.6 |
       Ossuary |    527 |    527 |      0 |      0 |    318 |   1 |  527.0 |
               +--------+--------+--------+--------+--------+-----+--------+

Top non-repeatable levels by time:
     D:4: 1755 daAuts
     D:1: 776 daAuts
     D:5: 773 daAuts
     D:6: 758 daAuts
     D:2: 633 daAuts
     D:3: 602 daAuts
 Ossuary: 527 daAuts
     D:8: 436 daAuts
     D:7: 5 daAuts
